 Dungeon Crawl Stone Soup version 0.30-a0-715-gdb4ae3ece1 (webtiles) character file.

Game seed: 13103364280705922520

2846 retardedninja the Protected (level 9, -2/82 HPs)
             Began as a Minotaur Fighter on Jan 24, 2023.
             Was an Initiate of Gozag.
             Killed from afar by Maggie (26 damage)
             ... with a bolt of fire
             ... on level 7 of the Dungeon.
             The game lasted 00:10:21 (7095 turns).

retardedninja the Protected (Minotaur Fighter)      Turns: 7095, Time: 00:10:21

Health: -2/82      AC:  8    Str: 29    XL:     9   Next: 46%
Magic:  8/8        EV: 10    Int:  4    God:    Gozag
Gold:   638        SH:  5    Dex:  9    Spells: 8/8 levels left

rFire   . . .      SeeInvis +    a - +0 war axe
rCold   . . .      Faith    .    c - +0 buckler
rNeg    . . .      Spirit   .    b - +0 scale mail
rPois   .          Reflect  .    (helmet restricted)
rElec   .          Harm     .    (no cloak)
rCorr   .          Rampage  .    (no gloves)
Will    .....                    (no boots) Stlth
                                 (no amulet)
HPRegen 0.33/turn                (no ring)
MPRegen 0.11/turn                (no ring)

@: gold aura
A: horns 2, retaliatory headbutt, see invisible, strong 1
a: Renounce Religion, Potion Petition, Call Merchant, Bribe Branch


You were on level 7 of the Dungeon.
You worshipped Gozag.
Gozag was pleased with you.
You visited 2 branches of the dungeon, and saw 8 of its levels.

You collected 690 gold pieces.
You paid 52 gold pieces to Gozag.

Inventory:

Hand Weapons
 a - a +0 war axe (weapon)
Armour
 b - a +0 scale mail (worn)
 c - a +0 buckler (worn)
Jewellery
 d - a ring of protection from fire
 p - a ring of positive energy
Wands
 e - a wand of polymorph (12)
 w - a wand of flame (10)
 B - a wand of iceblast (9)
Scrolls
 i - 2 scrolls of teleportation {unknown}
 j - a scroll of blinking {unknown}
 l - a scroll of fog
 m - a scroll of enchant armour {unknown}
 o - 2 scrolls of immolation
 s - 3 scrolls of brand weapon {unknown}
 t - 2 scrolls of poison {unknown}
 x - a scroll of noise {unknown}
 y - a scroll of fear {unknown}
 A - 3 scrolls of identify
Potions
 f - 3 potions of lignification
 g - a potion of ambrosia
 h - 3 potions of curing
 k - a potion of magic {unknown}
 n - 3 potions of mutation
 q - 2 potions of haste
 r - a potion of degeneration {unknown}
 u - 2 potions of flight {unknown}
 v - 2 potions of resistance
 z - 2 potions of attraction {unknown}


   Skills:
 + Level 8.7 Fighting
 + Level 8.2 Axes
 + Level 8.7 Armour
 + Level 8.6 Shields


You had 8 spell levels left.
You didn't know any spells.
Your spell library contained the following spells:

 Spells                   Type           Power      Damage    Failure   Level
 Ozocubu's Armour         Ice            0%         N/A       99%         3
 Ozocubu's Refrigeration  Ice            0%         4d7       100%        7


Dungeon Overview and Level Annotations

Branches:
Dungeon (7/15)             Temple (1/1) D:4

Altars:
Ashenzari
Elyvilon
Fedhas
Gozag
Hepliaklqana
Kikubaaqudgha
Makhleb
Okawaru
Qazlal
Ru
Sif Muna
Trog
Uskayaw
Vehumet
Wu Jian
Xom
Yredelemnul
Zin
The Shining One

Shops:
D:1 [   D:6 *

Annotations:
D:7 Maggie


Innate Abilities, Weirdness & Mutations

You have a pair of horns on your head.
You reflexively headbutt those who attack you in melee.
You have supernaturally acute eyesight. (SInv)
Your muscles are strong. (Str +4, Int/Dex -1)


Message History

You barely miss the orc wizard.
The orc wizard is almost dead.
You hit Maggie but do no damage. The orc wizard completely misses you.
You furiously retaliate!
You headbutt the orc wizard, but do no damage.
Maggie casts a spell at you. The bolt of fire hits you!!
You closely miss the orc wizard. Your headbutt misses the orc wizard.
The orc wizard is almost dead.
You slash Maggie!
The orc wizard is distracted by your dazzling golden aura.
Maggie is distracted by your dazzling golden aura.
Maggie shouts!
The orc wizard shouts!
You slice the orc wizard!!
You kill the orc wizard!
You hit Maggie but do no damage.
Maggie is no longer distracted by gold.
An iguana comes into view.
Maggie hits you with a +0 war axe!
Unknown command.
You are too injured to fight recklessly!
Unknown command.
You are too injured to fight recklessly!
An orc comes into view. It is wielding a +0 club.
An orc warrior comes into view. It is wielding a +0 halberd of venom.
The iguana is distracted by your dazzling golden aura.
Maggie misses you. You furiously retaliate!
You headbutt Maggie! You barely miss Maggie. Your headbutt misses Maggie.
Maggie is severely wounded.
You break out of your daze.
The orc throws a boomerang.
The boomerang closely misses you.
The orc warrior unwields a +0 halberd of venom.
It stops dripping with poison.
The orc warrior wields a +0 arbalest of flaming.
It bursts into flame!
The orc warrior shoots a bolt.
The bolt hits you! The bolt burns you.
* * * LOW HITPOINT WARNING * * *
Maggie points at you and mumbles some strange words.
The bolt of fire hits you!!
You die...
Your body crumbles into a pile of gold.

... ..#........ #.=
........). #..##
#.........
#...###..##....
##.$.#......# .
#..$.$...$$## ...
......##....$..##....
.#..# ##......$.....l
#. #<..##.@@......
#.........#.........
....#.##.............
.. #. #.##..###.....
. ..##...# ..... ..
....#...##.... ..
##......# .... ...
##..##..


oo. You could see Maggie, an orc warrior, an iguana and an orc.

Vanquished Creatures
  Grinder (D:3)
  A water moccasin (D:7)
  An orc warrior (D:6)
  A sky beast (D:7)
  2 black bears (D:6)
  2 ice beasts
  2 ogres (D:5)
  2 centaurs
  3 phantoms
  Blork the orc (D:4)
  A bullfrog (D:6)
  A necrophage (D:6)
  2 scorpions (D:6)
  4 wights (D:6)
  A howler monkey (D:7)
  5 hounds
  5 orc priests
  6 iguanas
  6 orc wizards
  3 gnolls (D:3)
  14 adders
  2 shadow imps (D:6)
  A white imp (D:6)
  3 ufetubi (D:5)
  A dart slug (D:2)
  16 orcs
  4 bats
  10 endoplasms
  6 giant cockroaches
  8 goblins
  6 hobgoblins
  2 jackals (D:5)
  4 kobolds
  6 quokkas
  5 ball pythons
  3 frilled lizards
  4 rats
145 creatures vanquished.

Vanquished Creatures (others)
  8 plants (D:6)
8 creatures vanquished.

Grand Total: 153 creatures vanquished

Notes
Turn   | Place    | Note
-------+----------+-------------------------------------------
     0 | D:1      | retardedninja the Minotaur Fighter began the quest for the
                  | Orb.
     0 | D:1      | Reached XP level 1. HP: 19/19 MP: 0/0
   369 | D:1      | Found Dituhe's Antique Armour Boutique.
   393 | D:1      | Reached XP level 2. HP: 21/27 MP: 1/1
   806 | D:2      | Reached XP level 3. HP: 33/33 MP: 2/2
  1105 | D:2      | Reached XP level 4. HP: 39/41 MP: 3/3
  2071 | D:3      | Noticed Grinder
  2078 | D:3      | Reached XP level 5. HP: 38/47 MP: 4/4
  2078 | D:3      | Paralysed by Grinder for 4 turns
  2085 | D:3      | Paralysed by Grinder for 4 turns
  2089 | D:3      | Killed Grinder
  2090 | D:3      | Reached skill level 5 in Fighting
  2090 | D:3      | Reached skill level 5 in Armour
  2090 | D:3      | Reached skill level 5 in Shields
  2090 | D:3      | Reached XP level 6. HP: 34/56 MP: 5/5
  2611 | D:4      | Noticed Blork the orc
  2620 | D:4      | Gained mutation: You have supernaturally acute eyesight.
                  | (SInv) [potion of mutation]
  2620 | D:4      | Gained mutation: Your muscles are strong. (Str +4, Int/Dex
                  | -1) [potion of mutation]
  2623 | D:4      | Killed Blork the orc
  2846 | D:4      | Found a staircase to the Ecumenical Temple.
  2864 | Temple   | Entered the Ecumenical Temple
  3329 | D:4      | Found an opulent altar of Gozag.
  3387 | D:4      | Became a worshipper of Gozag Ym Sagoz the Greedy
  3473 | D:4      | Reached skill level 5 in Axes
  3709 | D:5      | Entered Level 5 of the Dungeon
  3750 | D:5      | Reached XP level 7. HP: 60/62 MP: 6/6
  4233 | D:5      | Reached XP level 8. HP: 71/71 MP: 7/7
  5894 | D:6      | Found a white marble altar of Elyvilon.
  6308 | D:6      | Reached XP level 9. HP: 30/81 MP: 8/8
  6697 | D:6      | Found Foeridum's General Store.
  7081 | D:7      | Noticed Maggie
  7095 | D:7      | Killed from afar by Maggie

Illustrated notes

Levels and vault maps discovered:
D:1:      nagdon_arrival_double_spiral, layout_basic, serial_shops,
          nicolae_shop_stone
D:2:      layout_basic, minmay_misc_feat_encased, skrybe_limestone_x
D:3:      layout_rooms, st_stairs_10, dk_noncrumbling_4, uniq_grinder
D:4:      layout_loops_cross, kennysheep_little_box, temple_statues,
          uniq_blork_the_orc
D:5:      layout_gridville, minmay_misc_feat_columns
D:6:      layout_rooms, nicolae_elyvilon_temple_path, serial_shops,
          nicolae_shop_crystal, minmay_chambers_of_fives
D:7:      layout_cave_pools, serial_shops, nicolae_shop_trees,
          minmay_crystal_room, uniq_maggie, uniq_pikel
Temple:   minmay_temple_bridge_d

Skill      XL: |  1  2  3  4  5  6  7  8  9 |
---------------+----------------------------+-----
Armour         | 4 5 6 7 8 |  8.7
Shields        | 4 5 6 7 8 |  8.6
Fighting       | 4 5 6 7 8 |  8.7
Axes           | 3 4 5 6 7 8 |  8.2

Action                     |  1- 3 |  4- 6 |  7- 9 || total
---------------------------+-------+-------+-------++-------
  Melee: War axe           |    74 |    89 |   203 ||   366
         Headbutt          |    10 |    13 |    38 ||    61
    Use: Potion            |       |     2 |     1 ||     3
         Scroll            |       |       |     7 ||     7
   Stab: Distracted        |       |       |     2 ||     2
 Armour: Scale mail        |    31 |    49 |    89 ||   169
  Dodge: Dodged            |    36 |    41 |    94 ||   171
  Block: Buckler           |    16 |    17 |    46 ||    79

Table legend: (Time is in decaauts)
 A = Elapsed time spent in this place.
 B = Non-inter-level travel time spent in this place.
 C = Inter-level travel time spent in this place.
 D = Time resting spent in this place.
 E = Time spent auto-exploring this place.
 F = Levels seen in this place.
 G = Mean time per level.
                   A        B        C        D        E       F      G
               +--------+--------+--------+--------+--------+-----+--------+
         Total |   7235 |   7032 |    203 |   1700 |   4315 |   8 |  904.4 |
       Dungeon |   6976 |   6781 |    195 |   1700 |   4076 |   7 |  996.6 |
        Temple |    258 |    250 |      8 |      0 |    239 |   1 |  258.0 |
               +--------+--------+--------+--------+--------+-----+--------+

Top non-repeatable levels by time:
     D:5: 1937 daAuts
     D:6: 1437 daAuts
     D:3: 962 daAuts
     D:4: 943 daAuts
     D:2: 860 daAuts
     D:1: 783 daAuts
  Temple: 258 daAuts
     D:7: 51 daAuts
